Map: Deathaura LE

Players

PtitDrogo

  • Race: Protoss Protoss
  • Spawn Location: 5:00

soul - Winner!

  • Race: Terran Terran
  • League: Grandmaster
  • Spawn Location: 11:00

Event: DreamHack SC2 Masters 2020 Winter

VOD

Have the link to the VOD?

Description

Time

  • Played on: Oct. 30, 2020, 11:15 a.m.
  • Length: 12:04

All games in this series

Show
View Real Time Build Order
Export as new Build Order

PtitDrogo Protoss 

Build Orders: 1 Gate Expand, Phoenix Opening, Zealot Archon, Colossus Rush 

Get SALT Encoding   

  12  0:00  Probe  
  13  0:12  Probe  
  14  0:16  Pylon  
  14  0:24  Probe  
  15  0:34  Gateway  
  15  0:36  Probe (Chrono Boost)  
  16  0:46  Assimilator, Probe (Chrono Boost)  
  17  0:51  Probe (Chrono Boost)  
  18  1:03  Probe  
  19  1:15  Probe  
  20  1:21  Cybernetics Core  
  20  1:33  Nexus  
  20  1:39  Pylon  
  20  1:42  Probe  
  21  1:47  Assimilator  
  21  1:54  Adept (Chrono Boost)  
  21  1:55  Probe  
  24  2:05  Shield Battery  
  24  2:07  Probe  
  25  2:15  Adept (Chrono Boost)  
  25  2:19  Probe  
  28  2:27  Stargate  
  28  2:35  Warp Gate  
  28  2:37  Adept  
  31  2:44  Probe (Chrono Boost)  
  31  2:47  Probe (Chrono Boost)  
  32  2:56  Probe (Chrono Boost)  
  32  2:57  Probe (Chrono Boost)  
  34  3:01  Probe (Chrono Boost)  
  34  3:05  Probe  
  36  3:09  Phoenix (Chrono Boost)  
  38  3:13  Pylon, Probe  
  38  3:17  Probe  
  40  3:25  Probe  
  41  3:27  Phoenix  
  41  3:29  Probe  
  44  3:37  Probe  
  45  3:41  Probe  
  46  3:49  Probe  
  46  3:52  Phoenix (Chrono Boost)  
  46  3:54  Robotics Facility, Probe  
  50  3:56  Gateway  
  50  3:58  Gateway  
  50  4:01  Probe  
  51  4:06  Probe  
  51  4:08  Pylon  
  52  4:10  Assimilator  
  52  4:12  Assimilator  
  52  4:14  Probe  
  53  4:19  Probe  
  54  4:26  Phoenix, Probe  
  54  4:27  Pylon  
  54  4:31  Probe  
  58  4:38  Probe  
  58  4:42  Robotics Bay  
  58  4:43  Observer, Probe  
  58  4:44  Pylon  
  61  4:50  Probe  
  62  4:54  Nexus  
  62  4:57  Probe  
  63  5:00  Pylon  
  63  5:02  Probe  
  64  5:09  Probe  
  64  5:11  Forge, Twilight Council  
  65  5:15  Probe  
  65  5:16  Sentry  
  68  5:21  Probe  
  68  5:22  Shield Battery  
  68  5:27  Colossus (Chrono Boost), Probe  
  70  5:33  Probe  
  77  5:37  Extended Thermal Lance  
  77  5:39  Probe  
  78  5:45  Probe  
  78  5:51  Pylon, Protoss Ground Weapons Level 1 (Chrono Boost), Probe  
  78  5:52  Charge  
  79  5:58  Probe  
  79  5:59  Pylon  
  79  6:03  Probe  
  81  6:07  Colossus (Chrono Boost)  
  81  6:10  Probe  
  86  6:15  Probe  
  86  6:16  Probe  
  88  6:20  Gateway  
  88  6:22  Probe  
  88  6:23  Gateway x2  
  88  6:25  Assimilator x2  
  89  6:35  Pylon  
  89  6:36  Probe x3  
  92  6:41  Pylon  
  92  6:43  Templar Archives  
  92  6:44  Gateway  
  92  6:45  Gateway  
  92  6:48  Probe  
  92  6:49  Colossus (Chrono Boost)  
  99  6:57  Probe x2  
  101  7:11  Gateway, Nexus  
  101  7:12  Pylon  
  101  7:13  Gateway  
  101  7:18  Gravitic Drive  
  101  7:24  High Templar x2  
  101  7:25  Zealot x2  
  101  7:28  Warp Prism (Chrono Boost)  
  109  7:31  Archon  
  109  7:42  High Templar x2, Zealot x2  
  117  7:46  Pylon  
  117  7:47  Archon, Pylon  
  117  7:48  Pylon  
  117  7:52  Zealot  
  117  7:53  Zealot  
  117  7:57  High Templar x2  
  117  7:58  Protoss Ground Armor Level 1 (Chrono Boost)  
  125  8:03  Archon  
  110  8:16  Probe  
  105  8:21  High Templar x2  
  105  8:22  Zealot x6  
  105  8:24  Photon Cannon  
  116  8:30  Archon, Photon Cannon  
  116  8:32  Probe  
  109  8:43  Zealot x8  
  121  8:55  Zealot x2  
  77  9:08  Stalker x2  
  77  9:09  Zealot x2  
  80  9:11  Zealot  
  64  9:17  Probe x3  
  65  9:24  Stalker  
  65  9:26  Probe (Chrono Boost)  
  65  9:30  Sentry x2  
  58  9:36  Probe (Chrono Boost)  
  58  9:37  Probe x2 (Chrono Boost)  
  50  9:40  Zealot  
  48  9:47  Probe (Chrono Boost)  
  48  9:50  Observer (Chrono Boost)  
Show
View Real Time Build Order
Export as new Build Order

soul Terran - Winner!

Build Orders: Reaper Expand 

Get SALT Encoding   

  12  0:00  SCV  
  13  0:12  SCV  
  14  0:16  Supply Depot  
  14  0:24  SCV  
  15  0:38  SCV  
  15  0:41  Barracks  
  16  0:44  Refinery  
  16  0:50  SCV  
  17  1:02  SCV  
  18  1:14  SCV  
  19  1:27  Reaper  
  19  1:28  Orbital Command  
  20  1:46  Command Center  
  20  1:53  SCV  
  21  1:54  Supply Depot  
  21  1:59  Marine  
  22  2:05  SCV  
  23  2:09  Factory  
  23  2:16  Refinery  
  23  2:17  SCV  
  23  2:19  Marine  
  25  2:22  Bunker  
  25  2:29  SCV  
  26  2:38  Barracks Reactor  
  26  2:41  SCV  
  27  2:53  SCV  
  27  2:54  Hellion  
  27  2:55  Starport  
  30  2:59  Orbital Command  
  30  3:06  SCV  
  31  3:14  Marine x2  
  31  3:17  Factory Tech Lab  
  31  3:18  SCV  
  33  3:25  SCV  
  34  3:30  SCV  
  34  3:31  Marine  
  34  3:32  Marine  
  37  3:37  SCV  
  35  3:41  Viking  
  35  3:42  SCV, Cyclone  
  41  3:49  SCV  
  41  3:51  Supply Depot  
  41  3:54  SCV  
  41  3:55  Marine x2, Supply Depot  
  44  4:01  SCV  
  45  4:06  SCV  
  46  4:12  Command Center  
  46  4:16  SCV  
  47  4:19  Cyclone  
  47  4:23  Viking  
  52  4:26  SCV  
  52  4:30  Armory  
  53  4:32  Marine x2  
  53  4:35  SCV  
  56  4:39  SCV  
  56  4:42  Barracks  
  57  4:47  SCV  
  57  4:49  Marine  
  57  4:51  SCV, Supply Depot  
  60  4:59  SCV, Refinery x2  
  61  5:01  Marine  
  62  5:13  SCV x2, Siege Tank  
  62  5:14  Barracks  
  67  5:17  Supply Depot  
  67  5:18  Drilling Claws  
  67  5:21  Medivac  
  69  5:25  SCV x2  
  69  5:27  Orbital Command  
  71  5:30  Barracks Tech Lab  
  71  5:37  SCV x2  
  71  5:39  Engineering Bay x2  
  73  5:44  Marine x2  
  73  5:49  Widow Mine, SCV x2  
  79  5:50  Stimpack  
  79  5:55  Orbital Command  
  80  6:01  SCV x2  
  80  6:02  Barracks Tech Lab  
  80  6:03  Marine, Marauder  
  84  6:09  Terran Infantry Armor Level 1, Terran Infantry Weapons Level 1  
  83  6:11  Missile Turret  
  83  6:12  Widow Mine  
  83  6:13  SCV, Starport Reactor  
  83  6:14  SCV  
  83  6:17  Marine  
  88  6:20  Bunker, Marine, SCV  
  88  6:24  Supply Depot  
  88  6:25  SCV  
  91  6:28  SCV, Supply Depot  
  92  6:33  Missile Turret  
  92  6:37  Combat Shield  
  93  6:45  SCV  
  93  6:47  SCV  
  94  6:48  Bunker  
  94  6:49  SCV  
  94  6:50  Barracks  
  94  6:52  Barracks  
  94  6:53  Widow Mine x2  
  99  6:56  Medivac  
  99  6:58  SCV, Marauder  
  99  6:59  SCV  
  105  7:01  SCV  
  105  7:05  Supply Depot  
  105  7:07  Supply Depot  
  106  7:10  SCV, Marauder  
  106  7:13  Supply Depot  
  109  7:15  Supply Depot  
  109  7:21  Refinery  
  109  7:27  Widow Mine x2, SCV x3, Supply Depot  
  109  7:29  Supply Depot  
  116  7:30  Supply Depot  
  116  7:31  Ghost Academy  
  114  7:39  SCV x3  
  117  7:44  Starport Reactor  
  117  7:45  Barracks Reactor  
  117  7:49  Command Center  
  117  7:51  SCV x3  
  117  7:52  Marine  
  117  7:53  Marauder x2  
  123  7:58  Supply Depot  
  123  7:59  Marauder, Supply Depot  
  123  8:01  Marine  
  123  8:03  SCV  
  127  8:10  Marine  
  128  8:14  Marauder x2  
  128  8:16  Widow Mine x2  
  128  8:19  Marine  
  137  8:20  Marauder  
  137  8:22  Concussive Shells, Supply Depot  
  139  8:27  Medivac x2  
  139  8:28  Marine  
  139  8:31  Sensor Tower  
  142  8:35  Marauder  
  142  8:36  Marauder  
  142  8:37  Widow Mine, Marine  
  142  8:40  Supply Depot  
  149  8:41  Marauder  
  149  8:42  Marine  
  149  8:44  Marine  
  149  8:46  Marine  
  150  8:55  Marine  
  124  8:57  Marauder x2, Medivac x2  
  124  9:00  Marine  
  124  9:02  Marine  
  110  9:03  Marauder  
  110  9:04  Marine  
  110  9:05  Widow Mine x2  
  100  9:13  Marine  
  100  9:15  SCV x2  
  103  9:18  Marine, Marauder x2  
  103  9:20  Marine  
  103  9:21  Marine  
  112  9:24  Marauder  
  112  9:26  Widow Mine  
  112  9:27  Medivac x2, Orbital Command  
  112  9:31  Marine  
  115  9:36  Marine  
  117  9:39  Marine  
  117  9:43  Widow Mine  
  124  9:48  Widow Mine  
  124  9:50  Ghost  
  121  9:57  Medivac  
Tags
 
Add a new tag
Caveats
  • Supply blocks, unpowered buildings, or Contaminate may cause inaccurate times.
  • Supply counts are checked every 10 seconds.